[ AOE2 MATCH · #474527061 ]
UnrankedBritons vs Magyars
[ REPLAY ANALYSIS · EXTRACTED FROM THE RECORDED GAME ]
Feudal
10:35
Castle
14:09
Imperial
26:57
| APM avg | 39.9 |
| APM peak | 95 |
| eAPM avg | 24.2 |
| Villagers / military | 167 / 114 |
Focus
⚔️ 33.7% · 🌾 66.3%
Skirmisher ×67 · Longbowman ×43 · Archer ×2 · Mangonel ×2
Feudal
11:22
Castle
14:53
Imperial
27:47
| APM avg | 72.0 |
| APM peak | 139 |
| eAPM avg | 39.6 |
| Villagers / military | 138 / 145 |
Focus
⚔️ 52.2% · 🌾 47.8%
Cavalry Archer ×71 · Magyar Huszar ×60 · Trebuchet (Packed) ×9 · Scout Cavalry ×4 · Trade Cart ×2 · Monk ×1
Feudal
11:13
Castle
15:11
Imperial
26:57
| APM avg | 53.0 |
| APM peak | 111 |
| eAPM avg | 36.9 |
| Villagers / military | 172 / 159 |
Focus
⚔️ 38.4% · 🌾 61.6%
Scorpion ×111 · Spearman ×34 · Petard ×8 · Battering Ram ×6
Feudal
10:56
Castle
14:26
Imperial
24:41
| APM avg | 37.4 |
| APM peak | 82 |
| eAPM avg | 24.8 |
| Villagers / military | 136 / 172 |
Focus
⚔️ 29.2% · 🌾 70.8%
Spearman ×145 · Bombard Cannon ×25 · Monk ×2
Feudal
10:51
Castle
14:21
Imperial
28:03
| APM avg | 51.2 |
| APM peak | 91 |
| eAPM avg | 30.2 |
| Villagers / military | 185 / 123 |
Focus
⚔️ 35.5% · 🌾 64.5%
Chu Ko Nu ×105 · Battering Ram ×13 · Iron Pagoda ×5
Feudal
10:06
Castle
13:45
Imperial
26:21
| APM avg | 47.3 |
| APM peak | 102 |
| eAPM avg | 19.9 |
| Villagers / military | 145 / 80 |
Focus
⚔️ 38.4% · 🌾 61.6%
Mangudai ×80
Feudal
10:38
Castle
14:21
Imperial
28:55
| APM avg | 47.6 |
| APM peak | 116 |
| eAPM avg | 25.8 |
| Villagers / military | 135 / 170 |
Focus
⚔️ 30.8% · 🌾 69.2%
Coustillier ×170
Feudal
10:37
Castle
15:56
Imperial
37:10
| APM avg | 30.0 |
| APM peak | 78 |
| eAPM avg | 17.5 |
| Villagers / military | 112 / 72 |
Focus
⚔️ 24.6% · 🌾 75.4%
Militia ×27 · Scorpion ×18 · Mangonel ×15 · Battering Ram ×10 · Woad Raider ×1 · Unknown (1105) ×1
Match map
Initial resources + every placement click. Lines = walls · curves = elevation contours. ◆ gold · ⬟ stone · ● berries · ✦ relic · ◌ wall gap
Your base· ✓ Closed at 14:09 · 0t walls · 2 gate(s)
Zionic's base· ✓ Closed at 14:53 · 11t walls · 2 gate(s)
带带大师兄's base· ✓ Closed at 15:11 · 17t walls · 3 gate(s)
ElMaestro's base· ✓ Closed at 14:26 · 0t walls · 2 gate(s)
_LY_Bad Koala's base· ✓ Closed at 14:21 · 0t walls · 3 gate(s)
elpinardo's base· ✓ Closed at 13:45 · 0t walls · 2 gate(s)
xan's base· ✓ Closed at 14:21 · 0t walls · 3 gate(s)
Percy's base· ✓ Closed at 15:56 · 0t walls · 2 gate(s)
Smoothed initial terrain · ◌ = detected wall gap · hover for details
Inputs per minute
— Eastbrook - - Zionic
Build order — Eastbrook
First 150 of 468 actions detected
| 0:00 | Create | Villager (Male) |
| 0:01 | Create | Villager (Male) |
| 0:01 | Create | Villager (Male) |
| 0:02 | Build | House |
| 0:03 | Build | House |
| 0:13 | Create | Villager (Male) |
| 0:14 | Create | Villager (Male) |
| 1:22 | Create | Villager (Male) |
| 1:23 | Create | Villager (Male) |
| 1:42 | Create | Villager (Male) |
| 1:45 | Build | Lumber Camp |
| 2:11 | Create | Villager (Male) |
| 2:11 | Create | Villager (Male) |
| 2:32 | Create | Villager (Male) |
| 2:33 | Create | Villager (Male) |
| 2:57 | Create | Villager (Male) |
| 3:22 | Create | Villager (Male) |
| 3:23 | Create | Villager (Male) |
| 3:26 | Build | House |
| 3:43 | Create | Villager (Male) |
| 3:43 | Create | Villager (Male) |
| 4:02 | Create | Villager (Male) |
| 4:03 | Create | Villager (Male) |
| 4:05 | Build | House |
| 4:24 | Create | Villager (Male) |
| 4:24 | Create | Villager (Male) |
| 4:24 | Create | Villager (Male) |
| 4:24 | Create | Villager (Male) |
| 4:35 | Build | House |
| 5:03 | Create | Villager (Male) |
| 5:03 | Create | Villager (Male) |
| 5:03 | Create | Villager (Male) |
| 5:36 | Build | Mill |
| 5:51 | Create | Villager (Male) |
| 5:51 | Create | Villager (Male) |
| 5:52 | Create | Villager (Male) |
| 5:52 | Create | Villager (Male) |
| 5:58 | Build | Mill |
| 6:43 | Create | Villager (Male) |
| 7:13 | Create | Villager (Male) |
| 7:40 | Build | Farm |
| 7:43 | Build | Farm |
| 8:00 | Create | Villager (Male) |
| 8:12 | Research | Feudal Age |
| 8:12 | Research | Feudal Age |
| 9:58 | Create | Villager (Male) |
| 9:59 | Create | Villager (Male) |
| 10:07 | Build | Farm |
| 10:35 | Age | Feudal Age |
| 10:39 | Build | Market |
| 10:42 | Build | Blacksmith |
| 11:29 | Research | Castle Age |
| 11:30 | Research | Castle Age |
| 11:46 | Research | Double-Bit Axe |
| 11:47 | Research | Double-Bit Axe |
| 11:48 | Research | Horse Collar |
| 11:49 | Research | Horse Collar |
| 12:57 | Build | Farm |
| 13:15 | Create | Villager (Male) |
| 13:19 | Build | Farm |
| 13:22 | Build | Farm |
| 14:09 | Age | Castle Age |
| 14:12 | Build | Town Center |
| 14:15 | Build | Town Center |
| 14:18 | Create | Villager (Male) |
| 14:19 | Research | Bow Saw |
| 14:20 | Research | Heavy Plow |
| 14:20 | Research | Heavy Plow |
| 14:23 | Create | Villager (Male) |
| 14:51 | Create | Villager (Male) |
| 14:55 | Create | Villager (Male) |
| 14:57 | Build | Farm |
| 15:01 | Create | Villager (Male) |
| 15:03 | Build | Farm |
| 15:18 | Build | Farm |
| 15:22 | Build | Farm |
| 15:27 | Build | Farm |
| 15:28 | Create | Villager (Male) |
| 15:34 | Create | Villager (Male) |
| 15:38 | Create | Villager (Male) |
| 15:38 | Create | Villager (Male) |
| 15:38 | Create | Villager (Male) |
| 15:39 | Create | Villager (Male) |
| 15:55 | Build | Lumber Camp |
| 15:59 | Create | Villager (Male) |
| 16:00 | Create | Villager (Male) |
| 16:04 | Build | House |
| 16:07 | Create | Villager (Male) |
| 16:15 | Create | Villager (Male) |
| 16:16 | Create | Villager (Male) |
| 16:19 | Create | Villager (Male) |
| 16:19 | Create | Villager (Male) |
| 16:22 | Build | Farm |
| 16:27 | Build | Farm |
| 16:35 | Build | Farm |
| 16:37 | Create | Villager (Male) |
| 16:45 | Create | Villager (Male) |
| 16:45 | Create | Villager (Male) |
| 16:50 | Build | House |
| 16:50 | Build | House |
| 17:02 | Create | Villager (Male) |
| 17:03 | Create | Villager (Male) |
| 17:05 | Build | Farm |
| 17:11 | Build | Farm |
| 17:13 | Create | Villager (Male) |
| 17:14 | Create | Villager (Male) |
| 17:18 | Create | Villager (Male) |
| 17:18 | Create | Villager (Male) |
| 17:25 | Build | Farm |
| 17:26 | Create | Villager (Male) |
| 17:27 | Create | Villager (Male) |
| 17:35 | Build | Farm |
| 17:38 | Create | Villager (Male) |
| 17:38 | Create | Villager (Male) |
| 17:53 | Build | House |
| 17:53 | Create | Villager (Male) |
| 17:54 | Create | Villager (Male) |
| 17:54 | Create | Villager (Male) |
| 17:55 | Create | Villager (Male) |
| 17:57 | Build | Lumber Camp |
| 18:04 | Create | Villager (Male) |
| 18:05 | Create | Villager (Male) |
| 18:19 | Create | Villager (Male) |
| 18:19 | Create | Villager (Male) |
| 18:31 | Build | House |
| 18:33 | Create | Villager (Male) |
| 18:33 | Create | Villager (Male) |
| 18:33 | Create | Villager (Male) |
| 18:40 | Build | Outpost |
| 18:47 | Build | Farm |
| 18:56 | Create | Villager (Male) |
| 18:56 | Create | Villager (Male) |
| 18:57 | Create | Villager (Male) |
| 19:04 | Build | House |
| 19:09 | Create | Villager (Male) |
| 19:10 | Create | Villager (Male) |
| 19:18 | Build | House |
| 19:19 | Build | House |
| 19:20 | Create | Villager (Male) |
| 19:20 | Create | Villager (Male) |
| 19:20 | Create | Villager (Male) |
| 19:33 | Create | Villager (Male) |
| 19:33 | Create | Villager (Male) |
| 19:41 | Build | Farm |
| 19:44 | Build | Farm |
| 19:45 | Create | Villager (Male) |
| 19:45 | Create | Villager (Male) |
| 19:55 | Create | Villager (Male) |
| 19:55 | Create | Villager (Male) |
| 19:59 | Create | Villager (Male) |
Build order — Zionic
First 150 of 500 actions detected
| 0:02 | Create | Villager (Male) |
| 0:03 | Build | House |
| 0:04 | Build | House |
| 0:26 | Create | Villager (Male) |
| 0:26 | Create | Villager (Male) |
| 0:26 | Create | Villager (Male) |
| 0:26 | Create | Villager (Male) |
| 0:46 | Build | Palisade Wall |
| 0:51 | Build | Palisade Wall |
| 0:53 | Build | Palisade Wall |
| 0:58 | Build | Palisade Wall |
| 1:02 | Build | Palisade Wall |
| 1:05 | Build | Palisade Wall |
| 1:06 | Build | Palisade Wall |
| 1:13 | Build | Palisade Wall |
| 1:17 | Build | Palisade Wall |
| 1:20 | Build | Palisade Wall |
| 1:26 | Build | Palisade Wall |
| 1:38 | Create | Villager (Male) |
| 1:38 | Create | Villager (Male) |
| 1:38 | Create | Villager (Male) |
| 2:00 | Create | Villager (Male) |
| 2:00 | Create | Villager (Male) |
| 2:03 | Build | Lumber Camp |
| 2:22 | Create | Villager (Male) |
| 2:45 | Create | Villager (Male) |
| 3:07 | Create | Villager (Male) |
| 3:19 | Create | Villager (Male) |
| 3:57 | Build | House |
| 3:57 | Build | House |
| 4:05 | Create | Villager (Male) |
| 4:23 | Create | Villager (Male) |
| 4:29 | Build | House |
| 4:29 | Build | House |
| 4:35 | Create | Villager (Male) |
| 5:22 | Create | Villager (Male) |
| 5:27 | Create | Villager (Male) |
| 5:50 | Create | Villager (Male) |
| 5:52 | Build | Mill |
| 6:17 | Create | Villager (Male) |
| 6:40 | Create | Villager (Male) |
| 7:04 | Build | Lumber Camp |
| 7:07 | Create | Villager (Male) |
| 7:25 | Build | Farm |
| 7:52 | Create | Villager (Male) |
| 8:14 | Create | Villager (Male) |
| 8:16 | Build | Farm |
| 8:37 | Create | Villager (Male) |
| 8:51 | Build | Mining Camp |
| 9:04 | Research | Feudal Age |
| 9:51 | Build | Barracks |
| 11:15 | Create | Villager (Male) |
| 11:15 | Create | Villager (Male) |
| 11:22 | Age | Feudal Age |
| 11:24 | Build | Stable |
| 11:25 | Build | Blacksmith |
| 12:01 | Research | Horse Collar |
| 12:01 | Research | Horse Collar |
| 12:13 | Research | Castle Age |
| 12:13 | Research | Castle Age |
| 12:16 | Build | House |
| 12:22 | Build | Farm |
| 12:29 | Create | Scout Cavalry |
| 12:43 | Research | Double-Bit Axe |
| 12:55 | Create | Scout Cavalry |
| 13:05 | Create | Scout Cavalry |
| 13:11 | Build | House |
| 13:11 | Build | House |
| 13:26 | Build | Farm |
| 13:41 | Create | Scout Cavalry |
| 13:45 | Build | Farm |
| 14:53 | Age | Castle Age |
| 14:55 | Create | Villager (Male) |
| 15:02 | Build | Town Center |
| 15:13 | Create | Villager (Male) |
| 15:38 | Build | Town Center |
| 15:46 | Create | Villager (Male) |
| 15:49 | Build | Farm |
| 16:02 | Create | Villager (Male) |
| 16:06 | Create | Villager (Male) |
| 16:14 | Create | Villager (Male) |
| 16:21 | Build | Farm |
| 16:22 | Build | Farm |
| 16:29 | Build | Farm |
| 16:32 | Create | Villager (Male) |
| 16:36 | Create | Villager (Male) |
| 16:40 | Research | Town Watch |
| 16:42 | Build | Farm |
| 16:48 | Build | Farm |
| 16:58 | Create | Villager (Male) |
| 16:59 | Build | Farm |
| 17:05 | Build | Farm |
| 17:13 | Create | Villager (Male) |
| 17:15 | Build | Farm |
| 17:21 | Create | Villager (Male) |
| 17:24 | Create | Villager (Male) |
| 17:27 | Build | Farm |
| 17:31 | Build | Farm |
| 17:40 | Create | Villager (Male) |
| 17:43 | Build | Farm |
| 17:49 | Build | Farm |
| 17:50 | Create | Villager (Male) |
| 17:51 | Create | Villager (Male) |
| 17:51 | Create | Villager (Male) |
| 17:53 | Build | Farm |
| 18:03 | Build | Farm |
| 18:06 | Create | Villager (Male) |
| 18:06 | Create | Villager (Male) |
| 18:10 | Build | Farm |
| 18:16 | Create | Villager (Male) |
| 18:25 | Create | Villager (Male) |
| 18:33 | Build | Farm |
| 18:34 | Create | Villager (Male) |
| 18:43 | Create | Villager (Male) |
| 18:46 | Build | Mill |
| 18:47 | Build | Farm |
| 18:49 | Build | Farm |
| 18:53 | Build | Farm |
| 18:57 | Build | House |
| 18:59 | Create | Villager (Male) |
| 19:04 | Build | Farm |
| 19:05 | Create | Villager (Male) |
| 19:11 | Build | Farm |
| 19:18 | Build | Farm |
| 19:20 | Create | Villager (Male) |
| 19:23 | Build | Farm |
| 19:25 | Create | Villager (Male) |
| 19:30 | Create | Villager (Male) |
| 19:37 | Create | Villager (Male) |
| 19:39 | Build | House |
| 19:39 | Build | House |
| 19:44 | Create | Villager (Male) |
| 19:46 | Build | House |
| 19:47 | Research | Heavy Plow |
| 19:48 | Create | Villager (Male) |
| 19:48 | Create | Villager (Male) |
| 19:57 | Create | Villager (Male) |
| 19:57 | Create | Villager (Male) |
| 20:00 | Build | Farm |
| 20:03 | Build | Farm |
| 20:04 | Create | Villager (Male) |
| 20:04 | Create | Villager (Male) |
| 20:11 | Create | Villager (Male) |
| 20:15 | Create | Villager (Male) |
| 20:22 | Build | Monastery |
| 20:25 | Create | Villager (Male) |
| 20:34 | Build | House |
| 20:36 | Create | Villager (Male) |
| 20:44 | Build | Mill |
| 20:46 | Create | Villager (Male) |
Build order — 带带大师兄
First 150 of 539 actions detected
| 0:17 | Create | Villager (Male) |
| 0:18 | Create | Villager (Male) |
| 0:19 | Create | Villager (Male) |
| 0:20 | Build | House |
| 0:21 | Build | House |
| 0:25 | Create | Villager (Male) |
| 1:44 | Create | Villager (Male) |
| 1:44 | Create | Villager (Male) |
| 2:09 | Create | Villager (Male) |
| 2:09 | Create | Villager (Male) |
| 2:14 | Build | Lumber Camp |
| 2:18 | Create | Villager (Male) |
| 2:18 | Create | Villager (Male) |
| 3:01 | Create | Villager (Male) |
| 3:15 | Create | Villager (Male) |
| 3:15 | Create | Villager (Male) |
| 3:32 | Create | Villager (Male) |
| 3:32 | Create | Villager (Male) |
| 3:52 | Build | Mill |
| 4:03 | Create | Villager (Male) |
| 4:04 | Create | Villager (Male) |
| 4:04 | Create | Villager (Male) |
| 4:07 | Build | House |
| 4:23 | Create | Villager (Male) |
| 4:23 | Create | Villager (Male) |
| 4:29 | Build | House |
| 4:43 | Build | House |
| 4:46 | Create | Villager (Male) |
| 4:46 | Create | Villager (Male) |
| 5:02 | Create | Villager (Male) |
| 5:02 | Create | Villager (Male) |
| 5:36 | Create | Villager (Male) |
| 5:36 | Create | Villager (Male) |
| 5:52 | Create | Villager (Male) |
| 5:53 | Create | Villager (Male) |
| 5:59 | Create | Villager (Male) |
| 6:13 | Build | Palisade Wall |
| 6:24 | Build | Palisade Wall |
| 6:26 | Create | Villager (Male) |
| 6:26 | Create | Villager (Male) |
| 6:34 | Build | Palisade Wall |
| 6:35 | Build | Palisade Wall |
| 6:39 | Build | Palisade Wall |
| 6:47 | Build | Palisade Wall |
| 6:50 | Build | Palisade Wall |
| 6:52 | Build | Palisade Wall |
| 6:54 | Build | Palisade Wall |
| 6:57 | Build | Palisade Wall |
| 6:59 | Create | Villager (Male) |
| 7:00 | Create | Villager (Male) |
| 7:01 | Build | Palisade Wall |
| 7:06 | Build | Palisade Gate |
| 7:09 | Build | Palisade Wall |
| 7:40 | Create | Villager (Male) |
| 7:49 | Build | House |
| 7:54 | Build | House |
| 8:00 | Build | House |
| 8:10 | Create | Villager (Male) |
| 8:10 | Create | Villager (Male) |
| 8:10 | Create | Villager (Male) |
| 8:10 | Create | Villager (Male) |
| 8:13 | Build | Palisade Wall |
| 8:24 | Build | Palisade Wall |
| 8:26 | Build | Palisade Wall |
| 8:28 | Build | Palisade Wall |
| 8:31 | Build | Palisade Wall |
| 8:33 | Build | Palisade Wall |
| 9:02 | Research | Feudal Age |
| 9:04 | Build | Mining Camp |
| 9:05 | Build | Farm |
| 11:04 | Create | Villager (Male) |
| 11:13 | Age | Feudal Age |
| 11:14 | Build | Market |
| 11:16 | Build | Blacksmith |
| 11:34 | Create | Villager (Male) |
| 12:06 | Create | Villager (Male) |
| 12:28 | Research | Castle Age |
| 12:46 | Research | Double-Bit Axe |
| 12:47 | Research | Double-Bit Axe |
| 12:48 | Research | Horse Collar |
| 12:48 | Research | Horse Collar |
| 13:00 | Build | Farm |
| 13:03 | Build | Farm |
| 13:19 | Build | Farm |
| 13:21 | Build | Farm |
| 13:23 | Build | Farm |
| 13:36 | Build | House |
| 15:03 | Create | Villager (Male) |
| 15:03 | Create | Villager (Male) |
| 15:04 | Create | Villager (Male) |
| 15:11 | Age | Castle Age |
| 15:13 | Build | Town Center |
| 15:18 | Build | Town Center |
| 15:24 | Create | Villager (Male) |
| 15:24 | Create | Villager (Male) |
| 15:26 | Research | Bow Saw |
| 15:27 | Research | Bow Saw |
| 15:27 | Research | Bow Saw |
| 15:45 | Research | Wheelbarrow |
| 15:45 | Research | Wheelbarrow |
| 15:45 | Research | Wheelbarrow |
| 15:57 | Create | Villager (Male) |
| 15:58 | Create | Villager (Male) |
| 16:06 | Build | Farm |
| 16:24 | Create | Villager (Male) |
| 16:26 | Build | Farm |
| 16:29 | Create | Villager (Male) |
| 16:30 | Create | Villager (Male) |
| 16:34 | Create | Villager (Male) |
| 16:35 | Create | Villager (Male) |
| 16:35 | Create | Villager (Male) |
| 16:41 | Build | Farm |
| 16:46 | Build | Farm |
| 16:52 | Build | Farm |
| 16:54 | Create | Villager (Male) |
| 16:54 | Create | Villager (Male) |
| 16:57 | Build | Farm |
| 17:00 | Create | Villager (Male) |
| 17:00 | Create | Villager (Male) |
| 17:01 | Create | Villager (Male) |
| 17:13 | Build | Farm |
| 17:16 | Build | Farm |
| 17:27 | Create | Villager (Male) |
| 17:29 | Build | Farm |
| 17:31 | Create | Villager (Male) |
| 17:36 | Build | Farm |
| 17:41 | Build | Farm |
| 17:51 | Build | Farm |
| 17:54 | Create | Villager (Male) |
| 17:54 | Create | Villager (Male) |
| 17:57 | Create | Villager (Male) |
| 18:02 | Build | Farm |
| 18:04 | Create | Villager (Male) |
| 18:04 | Create | Villager (Male) |
| 18:10 | Create | Villager (Male) |
| 18:10 | Create | Villager (Male) |
| 18:19 | Build | Farm |
| 18:21 | Build | Farm |
| 18:24 | Create | Villager (Male) |
| 18:24 | Create | Villager (Male) |
| 18:35 | Build | Farm |
| 18:39 | Create | Villager (Male) |
| 18:40 | Create | Villager (Male) |
| 18:40 | Create | Villager (Male) |
| 18:52 | Build | House |
| 18:55 | Create | Villager (Male) |
| 18:55 | Create | Villager (Male) |
| 19:01 | Create | Villager (Male) |
| 19:16 | Build | Town Center |
| 19:20 | Create | Villager (Male) |
Build order — ElMaestro
First 150 of 360 actions detected
| 0:01 | Create | Villager (Male) |
| 0:01 | Create | Villager (Male) |
| 0:01 | Create | Villager (Male) |
| 0:02 | Build | House |
| 0:04 | Build | House |
| 0:27 | Create | Villager (Male) |
| 1:26 | Create | Villager (Male) |
| 1:52 | Create | Villager (Male) |
| 1:52 | Create | Villager (Male) |
| 2:11 | Create | Villager (Male) |
| 2:18 | Build | Lumber Camp |
| 2:33 | Create | Villager (Male) |
| 2:33 | Create | Villager (Male) |
| 2:50 | Create | Villager (Male) |
| 2:51 | Create | Villager (Male) |
| 3:13 | Create | Villager (Male) |
| 3:13 | Create | Villager (Male) |
| 3:26 | Build | House |
| 3:27 | Build | House |
| 3:41 | Create | Villager (Male) |
| 3:41 | Create | Villager (Male) |
| 3:53 | Create | Villager (Male) |
| 4:21 | Build | House |
| 4:32 | Create | Villager (Male) |
| 5:04 | Build | Mill |
| 5:07 | Create | Villager (Male) |
| 5:22 | Create | Villager (Male) |
| 5:23 | Create | Villager (Male) |
| 5:45 | Create | Villager (Male) |
| 6:53 | Create | Villager (Male) |
| 7:01 | Create | Villager (Male) |
| 7:04 | Create | Villager (Male) |
| 7:04 | Create | Villager (Male) |
| 7:05 | Create | Villager (Male) |
| 7:05 | Create | Villager (Male) |
| 7:09 | Build | Mill |
| 7:29 | Create | Villager (Male) |
| 7:57 | Create | Villager (Male) |
| 8:25 | Build | Mining Camp |
| 8:31 | Research | Feudal Age |
| 9:23 | Create | Villager (Male) |
| 9:23 | Create | Villager (Male) |
| 9:44 | Build | Farm |
| 9:46 | Build | Farm |
| 10:56 | Age | Feudal Age |
| 10:57 | Build | Market |
| 10:59 | Build | Blacksmith |
| 11:45 | Research | Castle Age |
| 11:45 | Research | Castle Age |
| 11:54 | Build | House |
| 11:55 | Build | House |
| 12:18 | Research | Double-Bit Axe |
| 12:28 | Build | House |
| 12:34 | Research | Horse Collar |
| 12:34 | Research | Horse Collar |
| 12:56 | Create | Villager (Male) |
| 13:38 | Build | Farm |
| 13:59 | Build | Farm |
| 14:01 | Build | Farm |
| 14:05 | Build | Farm |
| 14:26 | Age | Castle Age |
| 14:29 | Build | Monastery |
| 14:30 | Create | Villager (Male) |
| 14:33 | Build | Town Center |
| 14:50 | Create | Villager (Male) |
| 14:53 | Build | Farm |
| 14:54 | Build | Farm |
| 14:56 | Build | Farm |
| 15:20 | Create | Monk |
| 15:27 | Create | Villager (Male) |
| 15:29 | Build | House |
| 15:30 | Build | House |
| 15:39 | Build | Farm |
| 15:52 | Create | Monk |
| 15:53 | Create | Villager (Male) |
| 15:59 | Create | Villager (Male) |
| 16:00 | Create | Villager (Male) |
| 16:00 | Create | Villager (Male) |
| 16:00 | Create | Villager (Male) |
| 16:04 | Build | Farm |
| 16:11 | Build | House |
| 16:19 | Build | House |
| 16:23 | Create | Villager (Male) |
| 16:23 | Create | Villager (Male) |
| 16:23 | Create | Villager (Male) |
| 16:26 | Research | Wheelbarrow |
| 16:36 | Create | Villager (Male) |
| 16:46 | Build | Farm |
| 16:48 | Build | Farm |
| 16:51 | Build | Farm |
| 16:54 | Build | Farm |
| 16:57 | Create | Villager (Male) |
| 17:08 | Build | Farm |
| 17:22 | Create | Villager (Male) |
| 17:36 | Research | Fervor |
| 17:36 | Research | Fervor |
| 17:46 | Create | Villager (Male) |
| 17:48 | Create | Villager (Male) |
| 17:48 | Create | Villager (Male) |
| 17:50 | Build | Farm |
| 17:50 | Build | Farm |
| 17:55 | Build | University |
| 17:57 | Create | Villager (Male) |
| 18:05 | Create | Villager (Male) |
| 18:12 | Build | Farm |
| 18:15 | Create | Villager (Male) |
| 18:15 | Create | Villager (Male) |
| 18:15 | Create | Villager (Male) |
| 18:17 | Build | Farm |
| 18:18 | Build | Farm |
| 18:20 | Research | Loom |
| 18:20 | Research | Loom |
| 18:41 | Create | Villager (Male) |
| 18:42 | Create | Villager (Male) |
| 18:45 | Build | Farm |
| 18:47 | Build | Farm |
| 18:56 | Research | Loom |
| 18:56 | Research | Loom |
| 18:59 | Create | Villager (Male) |
| 19:06 | Research | Bow Saw |
| 19:23 | Create | Villager (Male) |
| 19:34 | Build | Farm |
| 19:40 | Create | Villager (Male) |
| 19:58 | Create | Villager (Male) |
| 20:08 | Create | Villager (Male) |
| 20:34 | Create | Villager (Male) |
| 20:40 | Build | Siege Workshop |
| 20:49 | Create | Villager (Male) |
| 21:05 | Build | Mining Camp |
| 21:07 | Create | Villager (Male) |
| 21:26 | Research | Imperial Age |
| 21:26 | Research | Imperial Age |
| 21:28 | Create | Villager (Male) |
| 21:40 | Create | Villager (Male) |
| 21:48 | Create | Villager (Male) |
| 21:54 | Research | Chemistry |
| 21:55 | Research | Chemistry |
| 22:05 | Build | Siege Workshop |
| 22:06 | Create | Villager (Male) |
| 22:17 | Research | Scale Mail Armor |
| 22:21 | Build | Farm |
| 22:37 | Build | Barracks |
| 22:41 | Create | Villager (Male) |
| 22:45 | Build | Lumber Camp |
| 22:54 | Create | Villager (Male) |
| 23:00 | Build | House |
| 23:01 | Build | House |
| 23:03 | Build | House |
| 23:04 | Build | House |
| 23:11 | Create | Villager (Male) |
Build order — _LY_Bad Koala
First 150 of 471 actions detected
| 0:02 | Build | House |
| 0:45 | Create | Villager (Male) |
| 1:11 | Create | Villager (Male) |
| 1:11 | Create | Villager (Male) |
| 1:35 | Create | Villager (Male) |
| 1:36 | Create | Villager (Male) |
| 1:58 | Create | Villager (Male) |
| 1:59 | Create | Villager (Male) |
| 2:05 | Build | Lumber Camp |
| 2:25 | Create | Villager (Male) |
| 2:46 | Create | Villager (Male) |
| 2:46 | Create | Villager (Male) |
| 3:16 | Create | Villager (Male) |
| 3:17 | Create | Villager (Male) |
| 3:39 | Create | Villager (Male) |
| 3:40 | Create | Villager (Male) |
| 4:02 | Create | Villager (Male) |
| 4:10 | Build | Mill |
| 4:13 | Create | Villager (Male) |
| 4:30 | Create | Villager (Male) |
| 4:31 | Create | Villager (Male) |
| 4:39 | Create | Villager (Male) |
| 5:01 | Build | House |
| 5:25 | Build | House |
| 5:31 | Create | Villager (Male) |
| 5:31 | Create | Villager (Male) |
| 5:31 | Create | Villager (Male) |
| 5:37 | Create | Villager (Male) |
| 5:47 | Build | Mill |
| 5:50 | Create | Villager (Male) |
| 5:50 | Create | Villager (Male) |
| 6:31 | Create | Villager (Male) |
| 6:31 | Create | Villager (Male) |
| 6:59 | Create | Villager (Male) |
| 7:13 | Create | Villager (Male) |
| 7:58 | Create | Villager (Male) |
| 8:03 | Build | Farm |
| 8:29 | Build | Mining Camp |
| 8:33 | Research | Feudal Age |
| 10:33 | Build | Lumber Camp |
| 10:37 | Create | Villager (Male) |
| 10:38 | Create | Villager (Male) |
| 10:51 | Age | Feudal Age |
| 10:53 | Build | Market |
| 10:54 | Build | Blacksmith |
| 11:07 | Research | Double-Bit Axe |
| 11:07 | Research | Double-Bit Axe |
| 11:22 | Build | Farm |
| 11:41 | Research | Castle Age |
| 11:45 | Build | Farm |
| 12:00 | Research | Horse Collar |
| 12:00 | Research | Horse Collar |
| 12:05 | Build | House |
| 12:08 | Build | Farm |
| 12:11 | Build | Farm |
| 12:22 | Build | Farm |
| 12:26 | Create | Villager (Male) |
| 14:03 | Create | Villager (Male) |
| 14:21 | Age | Castle Age |
| 14:25 | Create | Villager (Male) |
| 14:28 | Build | Town Center |
| 14:36 | Research | Loom |
| 14:52 | Create | Villager (Male) |
| 14:58 | Build | Town Center |
| 15:15 | Create | Villager (Male) |
| 15:17 | Build | Farm |
| 15:19 | Build | Farm |
| 15:26 | Build | Farm |
| 15:29 | Research | Bow Saw |
| 15:31 | Create | Villager (Male) |
| 15:38 | Create | Villager (Male) |
| 15:38 | Create | Villager (Male) |
| 15:40 | Create | Villager (Male) |
| 15:48 | Build | Farm |
| 15:50 | Build | Farm |
| 16:12 | Build | Farm |
| 16:22 | Create | Villager (Male) |
| 16:23 | Create | Villager (Male) |
| 16:27 | Create | Villager (Male) |
| 16:28 | Create | Villager (Male) |
| 16:31 | Research | Heavy Plow |
| 16:32 | Create | Villager (Male) |
| 16:35 | Build | Farm |
| 16:39 | Build | Farm |
| 16:49 | Build | Farm |
| 16:52 | Build | Outpost |
| 16:54 | Create | Villager (Male) |
| 16:54 | Create | Villager (Male) |
| 17:05 | Build | Farm |
| 17:10 | Build | House |
| 17:11 | Create | Villager (Male) |
| 17:15 | Build | Farm |
| 17:21 | Create | Villager (Male) |
| 17:21 | Create | Villager (Male) |
| 17:26 | Build | Farm |
| 17:33 | Research | Town Watch |
| 17:33 | Research | Town Watch |
| 17:37 | Create | Villager (Male) |
| 17:37 | Create | Villager (Male) |
| 17:37 | Create | Villager (Male) |
| 17:41 | Build | Outpost |
| 17:47 | Create | Villager (Male) |
| 17:47 | Create | Villager (Male) |
| 17:49 | Build | Farm |
| 17:50 | Build | Farm |
| 17:56 | Create | Villager (Male) |
| 17:56 | Create | Villager (Male) |
| 17:56 | Create | Villager (Male) |
| 18:03 | Create | Villager (Male) |
| 18:03 | Create | Villager (Male) |
| 18:11 | Create | Villager (Male) |
| 18:11 | Create | Villager (Male) |
| 18:26 | Build | Siege Workshop |
| 18:29 | Create | Villager (Male) |
| 18:29 | Create | Villager (Male) |
| 18:33 | Create | Villager (Male) |
| 18:44 | Create | Villager (Male) |
| 18:44 | Create | Villager (Male) |
| 18:47 | Build | Farm |
| 18:49 | Build | Farm |
| 18:52 | Create | Villager (Male) |
| 18:52 | Create | Villager (Male) |
| 19:07 | Create | Villager (Male) |
| 19:07 | Create | Villager (Male) |
| 19:17 | Build | Stone Wall |
| 19:25 | Build | Stone Wall |
| 19:27 | Build | Stone Wall |
| 19:30 | Build | Stone Wall |
| 19:31 | Create | Iron Pagoda |
| 19:33 | Create | Villager (Male) |
| 19:33 | Create | Villager (Male) |
| 19:34 | Create | Villager (Male) |
| 19:35 | Create | Villager (Male) |
| 19:43 | Create | Villager (Male) |
| 19:48 | Build | House |
| 19:49 | Build | House |
| 19:51 | Build | House |
| 19:58 | Build | Outpost |
| 20:01 | Research | Gold Mining |
| 20:03 | Create | Villager (Male) |
| 20:03 | Create | Villager (Male) |
| 20:05 | Build | Farm |
| 20:06 | Build | Farm |
| 20:07 | Build | Farm |
| 20:10 | Build | Farm |
| 20:11 | Build | Farm |
| 20:18 | Create | Villager (Male) |
| 20:18 | Create | Villager (Male) |
| 20:23 | Build | Gate |
| 20:29 | Create | Villager (Male) |
Build order — elpinardo
First 150 of 369 actions detected
| 0:00 | Create | Villager (Male) |
| 0:00 | Create | Villager (Male) |
| 0:01 | Create | Villager (Male) |
| 0:02 | Build | House |
| 0:03 | Build | House |
| 0:44 | Create | Villager (Male) |
| 0:44 | Create | Villager (Male) |
| 1:24 | Create | Villager (Male) |
| 1:24 | Create | Villager (Male) |
| 1:45 | Build | Lumber Camp |
| 1:59 | Create | Villager (Male) |
| 2:11 | Create | Villager (Male) |
| 2:56 | Create | Villager (Male) |
| 3:07 | Create | Villager (Male) |
| 3:31 | Create | Villager (Male) |
| 3:54 | Build | House |
| 3:55 | Build | House |
| 3:55 | Build | House |
| 3:59 | Create | Villager (Male) |
| 4:24 | Create | Villager (Male) |
| 4:24 | Create | Villager (Male) |
| 4:43 | Build | Mill |
| 4:53 | Create | Villager (Male) |
| 4:53 | Create | Villager (Male) |
| 4:53 | Create | Villager (Male) |
| 5:23 | Create | Villager (Male) |
| 5:23 | Create | Villager (Male) |
| 5:52 | Create | Villager (Male) |
| 5:55 | Build | Mill |
| 6:16 | Create | Villager (Male) |
| 6:25 | Create | Villager (Male) |
| 6:51 | Build | Farm |
| 7:34 | Build | Mining Camp |
| 7:52 | Research | Feudal Age |
| 7:54 | Create | Villager (Male) |
| 7:54 | Create | Villager (Male) |
| 10:06 | Age | Feudal Age |
| 10:09 | Build | Market |
| 10:28 | Build | Blacksmith |
| 10:59 | Research | Double-Bit Axe |
| 11:05 | Research | Castle Age |
| 11:36 | Research | Horse Collar |
| 11:41 | Create | Villager (Male) |
| 11:42 | Build | Farm |
| 11:49 | Create | Villager (Male) |
| 12:02 | Create | Villager (Male) |
| 12:04 | Build | Farm |
| 12:06 | Build | Farm |
| 13:45 | Age | Castle Age |
| 13:46 | Build | Town Center |
| 13:49 | Build | Town Center |
| 14:00 | Create | Villager (Male) |
| 14:21 | Create | Villager (Male) |
| 14:38 | Create | Villager (Male) |
| 14:40 | Build | Farm |
| 14:59 | Create | Villager (Male) |
| 15:03 | Create | Villager (Male) |
| 15:04 | Build | Farm |
| 15:06 | Create | Villager (Male) |
| 15:09 | Research | Bow Saw |
| 15:11 | Create | Villager (Male) |
| 15:16 | Create | Villager (Male) |
| 15:18 | Build | Farm |
| 15:19 | Create | Villager (Male) |
| 15:22 | Build | Farm |
| 15:30 | Build | Farm |
| 15:35 | Build | Farm |
| 15:42 | Create | Villager (Male) |
| 15:50 | Create | Villager (Male) |
| 15:50 | Create | Villager (Male) |
| 15:53 | Build | Farm |
| 16:00 | Build | House |
| 16:00 | Build | House |
| 16:09 | Create | Villager (Male) |
| 16:14 | Create | Villager (Male) |
| 16:14 | Create | Villager (Male) |
| 16:15 | Create | Villager (Male) |
| 16:16 | Build | Farm |
| 16:26 | Create | Villager (Male) |
| 16:27 | Create | Villager (Male) |
| 16:27 | Create | Villager (Male) |
| 16:36 | Build | Farm |
| 16:43 | Create | Villager (Male) |
| 16:46 | Build | House |
| 16:47 | Build | House |
| 16:56 | Create | Villager (Male) |
| 17:00 | Build | Mining Camp |
| 17:07 | Build | House |
| 17:07 | Build | House |
| 17:09 | Create | Villager (Male) |
| 17:11 | Build | Farm |
| 17:21 | Create | Villager (Male) |
| 17:26 | Create | Villager (Male) |
| 17:33 | Build | Farm |
| 17:38 | Build | Farm |
| 17:39 | Build | Farm |
| 17:41 | Build | Farm |
| 17:44 | Create | Villager (Male) |
| 17:45 | Create | Villager (Male) |
| 17:47 | Create | Villager (Male) |
| 17:48 | Create | Villager (Male) |
| 17:49 | Build | Farm |
| 18:00 | Create | Villager (Male) |
| 18:00 | Create | Villager (Male) |
| 18:05 | Build | Farm |
| 18:07 | Create | Villager (Male) |
| 18:14 | Create | Villager (Male) |
| 18:14 | Create | Villager (Male) |
| 18:16 | Build | Farm |
| 18:23 | Create | Villager (Male) |
| 18:23 | Create | Villager (Male) |
| 18:24 | Build | Farm |
| 18:33 | Build | Farm |
| 18:37 | Create | Villager (Male) |
| 18:39 | Build | House |
| 18:41 | Build | House |
| 18:42 | Create | Villager (Male) |
| 18:44 | Research | Loom |
| 19:00 | Research | Wheelbarrow |
| 19:00 | Research | Wheelbarrow |
| 19:03 | Create | Villager (Male) |
| 19:04 | Create | Villager (Male) |
| 19:11 | Build | Farm |
| 19:14 | Build | Farm |
| 19:18 | Create | Villager (Male) |
| 19:18 | Create | Villager (Male) |
| 19:22 | Create | Villager (Male) |
| 19:24 | Build | Farm |
| 19:28 | Create | Villager (Male) |
| 19:30 | Build | House |
| 19:32 | Create | Villager (Male) |
| 19:32 | Create | Villager (Male) |
| 19:39 | Build | Farm |
| 19:46 | Build | Farm |
| 19:58 | Create | Villager (Male) |
| 20:03 | Create | Villager (Male) |
| 20:06 | Build | Mining Camp |
| 20:10 | Build | House |
| 20:16 | Create | Villager (Male) |
| 20:26 | Create | Villager (Male) |
| 20:41 | Build | University |
| 20:44 | Create | Villager (Male) |
| 20:44 | Create | Villager (Male) |
| 20:55 | Create | Villager (Male) |
| 21:01 | Create | Villager (Male) |
| 21:09 | Create | Villager (Male) |
| 21:15 | Build | Monastery |
| 21:29 | Create | Villager (Male) |
| 22:03 | Build | Castle |
| 22:05 | Build | Mining Camp |
Build order — xan
First 150 of 414 actions detected
| 0:01 | Create | Villager (Male) |
| 0:01 | Create | Villager (Male) |
| 0:02 | Create | Villager (Male) |
| 0:02 | Create | Villager (Male) |
| 0:02 | Create | Villager (Male) |
| 0:03 | Build | House |
| 0:05 | Build | House |
| 1:27 | Create | Villager (Male) |
| 1:45 | Build | Lumber Camp |
| 2:00 | Create | Villager (Male) |
| 2:25 | Create | Villager (Male) |
| 2:57 | Create | Villager (Male) |
| 2:57 | Create | Villager (Male) |
| 2:57 | Create | Villager (Male) |
| 3:42 | Create | Villager (Male) |
| 3:43 | Create | Villager (Male) |
| 3:51 | Build | House |
| 4:01 | Create | Villager (Male) |
| 4:01 | Create | Villager (Male) |
| 4:12 | Research | Double-Bit Axe |
| 4:37 | Create | Villager (Male) |
| 4:56 | Create | Villager (Male) |
| 4:56 | Create | Villager (Male) |
| 5:23 | Create | Villager (Male) |
| 5:31 | Create | Villager (Male) |
| 5:43 | Build | Mill |
| 5:46 | Build | Mill |
| 5:50 | Create | Villager (Male) |
| 5:58 | Build | House |
| 6:30 | Create | Villager (Male) |
| 6:58 | Build | Mill |
| 7:10 | Create | Villager (Male) |
| 7:11 | Create | Villager (Male) |
| 7:11 | Create | Villager (Male) |
| 7:11 | Create | Villager (Male) |
| 7:45 | Build | Mining Camp |
| 8:28 | Research | Feudal Age |
| 8:45 | Build | Farm |
| 9:16 | Build | House |
| 10:22 | Create | Villager (Male) |
| 10:22 | Create | Villager (Male) |
| 10:38 | Age | Feudal Age |
| 10:53 | Build | Market |
| 11:10 | Build | Blacksmith |
| 11:41 | Research | Castle Age |
| 11:41 | Research | Castle Age |
| 11:41 | Research | Castle Age |
| 12:03 | Research | Horse Collar |
| 12:03 | Research | Horse Collar |
| 12:31 | Build | Farm |
| 12:50 | Research | Bow Saw |
| 12:50 | Research | Bow Saw |
| 14:18 | Create | Villager (Male) |
| 14:18 | Create | Villager (Male) |
| 14:21 | Age | Castle Age |
| 14:24 | Build | Town Center |
| 14:29 | Build | Town Center |
| 14:32 | Create | Villager (Male) |
| 14:51 | Build | Farm |
| 15:20 | Build | Farm |
| 15:22 | Create | Villager (Male) |
| 15:37 | Create | Villager (Male) |
| 15:37 | Create | Villager (Male) |
| 15:40 | Create | Villager (Male) |
| 15:40 | Create | Villager (Male) |
| 15:45 | Build | Farm |
| 15:47 | Create | Villager (Male) |
| 15:53 | Create | Villager (Male) |
| 15:53 | Create | Villager (Male) |
| 16:01 | Build | Farm |
| 16:03 | Build | Farm |
| 16:05 | Build | Farm |
| 16:10 | Build | Farm |
| 16:12 | Build | Farm |
| 16:14 | Build | Farm |
| 16:16 | Build | Farm |
| 16:18 | Create | Villager (Male) |
| 16:19 | Create | Villager (Male) |
| 16:25 | Build | Farm |
| 16:28 | Build | Farm |
| 16:37 | Build | Farm |
| 16:52 | Create | Villager (Male) |
| 16:52 | Create | Villager (Male) |
| 16:56 | Build | Farm |
| 17:00 | Build | Farm |
| 17:03 | Create | Villager (Male) |
| 17:03 | Create | Villager (Male) |
| 17:11 | Create | Villager (Male) |
| 17:17 | Create | Villager (Male) |
| 17:23 | Build | House |
| 17:24 | Build | House |
| 17:24 | Build | House |
| 17:35 | Build | Farm |
| 17:43 | Build | Lumber Camp |
| 17:51 | Create | Villager (Male) |
| 17:51 | Create | Villager (Male) |
| 17:51 | Create | Villager (Male) |
| 17:58 | Build | Farm |
| 18:06 | Build | Farm |
| 18:07 | Create | Villager (Male) |
| 18:08 | Create | Villager (Male) |
| 18:08 | Create | Villager (Male) |
| 18:19 | Create | Villager (Male) |
| 18:19 | Create | Villager (Male) |
| 18:21 | Create | Villager (Male) |
| 18:23 | Build | Farm |
| 18:33 | Build | Farm |
| 18:39 | Create | Villager (Male) |
| 18:39 | Create | Villager (Male) |
| 18:42 | Build | Farm |
| 18:50 | Build | Farm |
| 18:50 | Build | Farm |
| 18:51 | Build | Farm |
| 18:58 | Create | Villager (Male) |
| 18:58 | Create | Villager (Male) |
| 19:07 | Build | House |
| 19:07 | Build | House |
| 19:08 | Build | House |
| 19:09 | Build | House |
| 19:13 | Research | Wheelbarrow |
| 19:13 | Research | Wheelbarrow |
| 19:15 | Create | Villager (Male) |
| 19:15 | Create | Villager (Male) |
| 19:29 | Build | Town Center |
| 19:37 | Build | Farm |
| 19:39 | Build | Farm |
| 19:41 | Create | Villager (Male) |
| 19:41 | Create | Villager (Male) |
| 19:53 | Build | Farm |
| 20:04 | Create | Villager (Male) |
| 20:04 | Create | Villager (Male) |
| 20:04 | Create | Villager (Male) |
| 20:04 | Create | Villager (Male) |
| 20:25 | Build | Farm |
| 20:41 | Create | Villager (Male) |
| 20:42 | Create | Villager (Male) |
| 20:42 | Create | Villager (Male) |
| 20:44 | Create | Villager (Male) |
| 20:54 | Build | Farm |
| 20:55 | Build | Farm |
| 20:58 | Build | Farm |
| 21:01 | Create | Villager (Male) |
| 21:03 | Create | Villager (Male) |
| 21:03 | Create | Villager (Male) |
| 21:16 | Create | Villager (Male) |
| 21:17 | Create | Villager (Male) |
| 21:25 | Create | Villager (Male) |
| 21:26 | Create | Villager (Male) |
| 21:37 | Build | Town Center |
| 21:46 | Research | Gold Mining |
Build order — Percy
First 150 of 311 actions detected
| 0:00 | Create | Villager (Male) |
| 0:00 | Create | Villager (Male) |
| 0:05 | Build | House |
| 0:17 | Create | Villager (Male) |
| 0:18 | Create | Villager (Male) |
| 0:18 | Create | Villager (Male) |
| 0:28 | Build | House |
| 0:48 | Build | House |
| 0:49 | Build | House |
| 1:33 | Create | Villager (Male) |
| 1:33 | Create | Villager (Male) |
| 2:10 | Create | Villager (Male) |
| 2:26 | Build | Lumber Camp |
| 2:37 | Create | Villager (Male) |
| 2:37 | Create | Villager (Male) |
| 3:01 | Create | Villager (Male) |
| 3:01 | Create | Villager (Male) |
| 3:17 | Create | Villager (Male) |
| 3:17 | Create | Villager (Male) |
| 3:39 | Create | Villager (Male) |
| 3:54 | Create | Villager (Male) |
| 3:54 | Create | Villager (Male) |
| 4:32 | Create | Villager (Male) |
| 5:01 | Create | Villager (Male) |
| 5:01 | Create | Villager (Male) |
| 5:18 | Build | Mill |
| 5:19 | Create | Villager (Male) |
| 5:19 | Create | Villager (Male) |
| 5:57 | Create | Villager (Male) |
| 6:00 | Create | Villager (Male) |
| 6:05 | Build | Mill |
| 6:29 | Create | Villager (Male) |
| 6:46 | Create | Villager (Male) |
| 6:47 | Create | Villager (Male) |
| 7:10 | Create | Villager (Male) |
| 7:50 | Build | House |
| 7:53 | Build | House |
| 7:54 | Build | House |
| 8:02 | Research | Loom |
| 8:21 | Research | Feudal Age |
| 8:44 | Build | Mining Camp |
| 8:54 | Create | Villager (Male) |
| 9:09 | Create | Villager (Male) |
| 9:28 | Build | House |
| 9:30 | Build | House |
| 9:51 | Create | Villager (Male) |
| 10:26 | Build | House |
| 10:37 | Age | Feudal Age |
| 10:41 | Research | Double-Bit Axe |
| 10:51 | Build | Market |
| 11:06 | Build | Blacksmith |
| 11:09 | Create | Villager (Male) |
| 11:26 | Create | Villager (Male) |
| 12:28 | Build | Farm |
| 12:28 | Build | Farm |
| 12:29 | Build | Farm |
| 12:44 | Build | Farm |
| 13:16 | Research | Castle Age |
| 13:16 | Research | Castle Age |
| 13:50 | Research | Horse Collar |
| 14:03 | Build | Farm |
| 14:06 | Research | Gold Mining |
| 14:56 | Research | Wheelbarrow |
| 15:14 | Build | Farm |
| 15:15 | Build | Farm |
| 15:16 | Build | Farm |
| 15:30 | Build | Farm |
| 15:39 | Build | Farm |
| 15:48 | Build | Farm |
| 15:49 | Build | Farm |
| 15:56 | Age | Castle Age |
| 16:00 | Research | Bow Saw |
| 16:01 | Research | Bow Saw |
| 16:44 | Research | Heavy Plow |
| 17:04 | Build | Siege Workshop |
| 17:08 | Create | Villager (Male) |
| 17:33 | Create | Villager (Male) |
| 17:37 | Create | Villager (Male) |
| 17:51 | Build | Barracks |
| 17:58 | Create | Villager (Male) |
| 18:23 | Build | House |
| 18:26 | Create | Mangonel |
| 18:36 | Create | Villager (Male) |
| 18:38 | Research | Man-at-Arms (upgrade) |
| 18:53 | Create | Battering Ram |
| 18:54 | Create | Villager (Male) |
| 19:04 | Build | House |
| 19:09 | Build | Farm |
| 19:10 | Create | Villager (Male) |
| 19:10 | Create | Villager (Male) |
| 19:24 | Create | Villager (Male) |
| 19:33 | Create | Battering Ram |
| 19:36 | Research | Long Swordsman (upgrade) |
| 19:36 | Create | Villager (Male) |
| 19:45 | Build | Farm |
| 19:47 | Build | Farm |
| 20:04 | Build | Farm |
| 20:09 | Create | Militia |
| 20:10 | Create | Militia |
| 20:13 | Create | Battering Ram |
| 20:21 | Create | Militia |
| 20:31 | Create | Battering Ram |
| 20:41 | Build | Barracks |
| 20:43 | Create | Villager (Male) |
| 20:50 | Create | Battering Ram |
| 20:52 | Create | Militia |
| 21:04 | Create | Militia |
| 21:11 | Create | Militia |
| 21:13 | Create | Militia |
| 21:14 | Create | Militia |
| 21:31 | Build | Farm |
| 21:31 | Build | Farm |
| 21:35 | Create | Villager (Male) |
| 21:41 | Create | Villager (Male) |
| 21:54 | Build | Town Center |
| 22:03 | Build | Lumber Camp |
| 22:11 | Create | Militia |
| 22:13 | Create | Militia |
| 22:19 | Research | Scale Mail Armor |
| 22:22 | Research | Forging |
| 22:42 | Create | Villager (Male) |
| 22:43 | Create | Villager (Male) |
| 22:52 | Research | Stone Mining |
| 23:22 | Research | Gambesons |
| 23:24 | Create | Militia |
| 23:24 | Create | Militia |
| 23:50 | Create | Villager (Male) |
| 23:57 | Create | Villager (Male) |
| 23:59 | Create | Villager (Male) |
| 24:05 | Build | Farm |
| 24:05 | Build | Farm |
| 24:12 | Create | Unit 1105 |
| 24:20 | Create | Villager (Male) |
| 24:21 | Create | Villager (Male) |
| 24:34 | Create | Villager (Male) |
| 24:34 | Create | Villager (Male) |
| 24:40 | Build | Farm |
| 24:41 | Build | Farm |
| 24:49 | Build | Town Center |
| 25:03 | Create | Battering Ram |
| 25:08 | Create | Militia |
| 25:08 | Create | Militia |
| 25:09 | Create | Militia |
| 25:43 | Create | Militia |
| 25:43 | Create | Militia |
| 26:18 | Create | Militia |
| 26:19 | Create | Militia |
| 26:19 | Create | Militia |
| 26:21 | Create | Battering Ram |
| 26:22 | Create | Battering Ram |
Match timeline
| 0:46 | Zionic · wall_segment Palisade Wall x1 |
| 0:51 | Zionic · wall_segment Palisade Wall x1 |
| 0:53 | Zionic · wall_segment Palisade Wall x1 |
| 0:58 | Zionic · wall_segment Palisade Wall x1 |
| 1:02 | Zionic · wall_segment Palisade Wall x1 |
| 1:05 | Zionic · wall_segment Palisade Wall x1 |
| 1:06 | Zionic · wall_segment Palisade Wall x1 |
| 1:13 | Zionic · wall_segment Palisade Wall x1 |
| 1:17 | Zionic · wall_segment Palisade Wall x1 |
| 1:20 | Zionic · wall_segment Palisade Wall x1 |
| 1:26 | Zionic · wall_segment Palisade Wall x1 |
| 6:13 | 带带大师兄 · wall_segment Palisade Wall x1 |
| 6:24 | 带带大师兄 · wall_segment Palisade Wall x1 |
| 6:34 | 带带大师兄 · wall_segment Palisade Wall x1 |
| 6:35 | 带带大师兄 · wall_segment Palisade Wall x1 |
| 6:39 | 带带大师兄 · wall_segment Palisade Wall x1 |
| 6:47 | 带带大师兄 · wall_segment Palisade Wall x1 |
| 6:50 | 带带大师兄 · wall_segment Palisade Wall x1 |
| 6:52 | 带带大师兄 · wall_segment Palisade Wall x1 |
| 6:54 | 带带大师兄 · wall_segment Palisade Wall x1 |
| 6:57 | 带带大师兄 · wall_segment Palisade Wall x1 |
| 7:01 | 带带大师兄 · wall_segment Palisade Wall x1 |
| 7:09 | 带带大师兄 · wall_segment Palisade Wall x1 |
| 8:13 | 带带大师兄 · wall_segment Palisade Wall x1 |
| 8:24 | 带带大师兄 · wall_segment Palisade Wall x1 |
| 8:26 | 带带大师兄 · wall_segment Palisade Wall x1 |
| 8:28 | 带带大师兄 · wall_segment Palisade Wall x1 |
| 8:31 | 带带大师兄 · wall_segment Palisade Wall x1 |
| 8:33 | 带带大师兄 · wall_segment Palisade Wall x1 |
| 9:51 | Zionic · first_building Barracks |
| 10:06 | elpinardo · age_up feudal |
| 10:35 | Eastbrook · age_up feudal |
| 10:37 | Percy · age_up feudal |
| 10:38 | xan · age_up feudal |
| 10:51 | _LY_Bad Koala · age_up feudal |
| 10:56 | ElMaestro · age_up feudal |
| 11:13 | 带带大师兄 · age_up feudal |
| 11:22 | Zionic · age_up feudal |
| 11:24 | Zionic · first_building Stable |
| 13:45 | elpinardo · age_up castle |
| 14:09 | Eastbrook · age_up castle |
| 14:21 | xan · age_up castle |
| 14:21 | _LY_Bad Koala · age_up castle |
| 14:26 | ElMaestro · age_up castle |
| 14:29 | ElMaestro · first_building Monastery |
| 14:53 | Zionic · age_up castle |
| 15:11 | 带带大师兄 · age_up castle |
| 15:56 | Percy · age_up castle |
| 16:13 | elpinardo · first_market_buy 100 food |
| 17:04 | Percy · first_building Siege Workshop |
| 17:36 | _LY_Bad Koala · first_market_buy 100 food |
| 17:51 | Percy · first_building Barracks |
| 18:26 | _LY_Bad Koala · first_building Siege Workshop |
| 19:17 | _LY_Bad Koala · wall_segment Stone Wall x11 |
| 19:25 | _LY_Bad Koala · wall_segment Stone Wall x12 |
| 19:27 | _LY_Bad Koala · wall_segment Stone Wall x5 |
| 19:30 | _LY_Bad Koala · wall_segment Stone Wall x1 |
| 20:22 | Zionic · first_building Monastery |
| 20:40 | ElMaestro · first_building Siege Workshop |
| 21:12 | Eastbrook · first_building Castle |
| 21:15 | elpinardo · first_building Monastery |
| 22:03 | elpinardo · first_building Castle |
| 22:29 | 带带大师兄 · first_building Siege Workshop |
| 22:37 | ElMaestro · first_building Barracks |
| 22:57 | elpinardo · first_market_sell 100 wood |
| 23:23 | _LY_Bad Koala · first_building Castle |
| 23:29 | 带带大师兄 · first_market_sell 100 food |
| 23:48 | elpinardo · first_building Barracks |
| 24:07 | Eastbrook · first_building Siege Workshop |
| 24:14 | Zionic · first_building Archery Range |
| 24:23 | xan · first_market_sell 100 wood |
| 24:37 | xan · first_building Castle |
| 24:41 | ElMaestro · age_up imperial |
| 25:20 | elpinardo · first_building Stable |
| 25:37 | _LY_Bad Koala · wall_segment Stone Wall x1 |
| 26:19 | elpinardo · first_building Archery Range |
| 26:21 | elpinardo · age_up imperial |
| 26:30 | Eastbrook · first_market_buy 100 stone |
| 26:30 | _LY_Bad Koala · wall_segment Palisade Wall x1 |
| 26:48 | Zionic · first_building Castle |
| 26:57 | Eastbrook · age_up imperial |
| 26:57 | 带带大师兄 · age_up imperial |
| 27:02 | Eastbrook · first_market_sell 100 food |
| 27:43 | 带带大师兄 · first_building Barracks |
| 27:47 | Zionic · age_up imperial |
| 27:52 | 带带大师兄 · first_building Castle |
| 28:03 | _LY_Bad Koala · age_up imperial |
| 28:03 | xan · first_building Barracks |
| 28:21 | Eastbrook · wall_segment Stone Wall x3 |
| 28:22 | Eastbrook · wall_segment Stone Wall x1 |
| 28:23 | Eastbrook · wall_segment Stone Wall x1 |
| 28:37 | Eastbrook · wall_segment Stone Wall x6 |
| 28:55 | xan · age_up imperial |
| 29:06 | Eastbrook · first_building Barracks |
| 29:31 | xan · first_building Stable |
| 30:24 | xan · first_market_buy 100 stone |
| 30:29 | _LY_Bad Koala · first_market_sell 100 wood |
| 30:30 | Eastbrook · first_building Archery Range |
| 32:31 | 带带大师兄 · first_market_buy 100 wood |
| 32:35 | Percy · first_building Castle |
| 36:39 | Percy · first_market_buy 100 wood |
| 37:05 | xan · first_building Siege Workshop |
| 37:10 | Percy · age_up imperial |
| 37:13 | 带带大师兄 · tribute_sent a jugador 1 |
| 37:13 | 带带大师兄 · tribute_sent a jugador 3 |
| 37:13 | 带带大师兄 · tribute_sent a jugador 4 |
| 37:13 | 带带大师兄 · tribute_sent a jugador 5 |
| 37:13 | 带带大师兄 · tribute_sent a jugador 6 |
| 37:13 | 带带大师兄 · tribute_sent a jugador 7 |
| 37:13 | 带带大师兄 · tribute_sent a jugador 8 |
| 38:36 | ElMaestro · first_building Castle |
| 38:36 | xan · first_building Archery Range |
| 39:15 | 带带大师兄 · resign |
[ AI ANALYSIS · 1 CREDIT ]
What really happened in this match?
Wolo.gg analyzes every decision: build order, eco, micro, common mistakes by bracket. Personalized analysis on WhatsApp or Discord in 30 seconds.
Civ guide
Britons
Perfil
Jugador #3029045